 Dungeon Crawl Stone Soup version 0.29-a0-251-g80730f7218 (webtiles) character file.

Game seed: 11688730069293287674

198845 enile the Eclecticist (level 19, -2/158 HPs)
             Began as a Djinni Fire Elementalist on Mar 5, 2022.
             Was an Elder of Ashenzari.
             Slain by an ufetubus (4 damage)
             ... summoned by a ynoxinul
             ... on level 3 of the Abyss.
             The game lasted 01:35:01 (36748 turns).

enile the Eclecticist (Djinni Fire Elementalist)   Turns: 36748, Time: 01:35:02

Health: -2/158     AC:  3    Str:  7    XL:     19   Next: 15%
Gold:   1658       EV: 18    Int: 43    God:    Ashenzari [****..] SH:  0 Dex: 13

rFire   + . .      SeeInvis +   G - +7 rapier "I Foresaw This" {flame, rC+ Int+2 Dex+2, Self, Cun} (curse)
rCold   + + +      Faith    .   d - orb "Enigmatic Vexation" {mayhem, Melee, Evo} (curse)
rNeg    . . .      Spirit   .   y - +1 leather armour "Adversity of Ashenzari" {rC+, Range, Self} (curse)
rPois   ∞          Reflect  .   x - +1 hat "Disgust of Ashenzari" {Int+3, Evo, Self} (curse)
rElec   +          Harm     .   (no cloak)
rCorr   +          Rampage  .   l - +0 pair of gloves "Leatemacyi" {rPois rC++ MP+9 Int+4}
Will    +....      Clarity  +   (boots unavailable)
Stlth   ++........              T - amulet of Ashenzari's Polytheism {Regen+, Evo, Self} (curse)
HPRegen 1.16/turn               j - ring "Onuas" {Wiz rElec rF- rCorr Int+4}
MPRegen 0.00/turn               v - ring of Ashenzari's Suspicion {Int+6, Fort, Self} (curse)

@: corroded, flying, glowing, studying Unarmed Combat, unable to read
A: sickness immunity, fire resistance 2, cold vulnerability 1, float, innate
caster, HP casting, extra vitality 1, agile 1, dopey 1, mutation resistance 1,
[clumsy 2], [inability to read while threatened]
}: 1/15 runes: serpentine
a: Renounce Religion, Shatter the Chains


You were on level 3 of the Abyss.
You worshipped Ashenzari.
Ashenzari was greatly pleased with you.
You visited 6 branches of the dungeon, and saw 29 of its levels.
You visited the Abyss 1 time.
You also visited: Ice Cave and Volcano.

You collected 4185 gold pieces.
You spent 2527 gold pieces at shops.

Inventory:

Hand Weapons
 B - the +8 trident "Abuir" {vorpal, Int+5}
   (You found it on level 2 of the Snake Pit)

   It inflicts extra damage upon your enemies.
   Int:       It affects your intelligence (+5).
 G - the cursed +7 rapier "I Foresaw This" (weapon) {flame, rC+ Int+2 Dex+2, Self, Cun}
   (You found it on level 1 of the Lair of Beasts)

   It burns those it strikes, dealing additional fire damage.
   Int:       It affects your intelligence (+2).
   Dex:       It affects your dexterity (+2).
   rC:        It protects you from cold.
   It has a curse which improves the following skills: Introspection: Fighting
   and Spellcasting.
   Cunning:   Dodging and Stealth.
 S - the +9 hand crossbow "Ojimp" {freeze, rCorr}
   (You found it on level 6 of the Lair of Beasts)

   Any ammunition fired from it freezes those it strikes, dealing additional
   cold damage.
   It can also slow down cold-blooded creatures.
   rCorr:     It protects you from acid and corrosion.
 U - a +3 quick blade of flaming
Armour
 a - the +6 scale mail of Lifelessness {Int+6}
   (You found it on level 11 of the Dungeon)

   Int:       It affects your intelligence (+6).
 d - the cursed orb "Enigmatic Vexation" (worn) {mayhem, Melee, Evo}
   (You found it on level 1 of the Dungeon)

   It has a curse which improves the following skills: Melee Combat: Short
   Blades, Long Blades, Axes, Maces & Flails, Polearms, Staves and Unarmed
   Combat.
   Evocations: Evocations.
 l - the +0 pair of gloves "Leatemacyi" (worn) {rPois rC++ MP+9 Int+4}
   (You found it on level 4 of the Snake Pit)

   Int:       It affects your intelligence (+4).
   rC:        It greatly protects you from cold.
   rPois:     It protects you from poison.
   MP:        It affects your magic capacity (+9).
 n - a +0 kite shield of reflection
 w - a +1 robe of resistance
 x - the cursed +1 hat "Disgust of Ashenzari" (worn) {Int+3, Evo, Self}
   (You found it in an ice cave)

   It has a curse which improves the following skills: Evocations: Evocations.
   Introspection: Fighting and Spellcasting.
 y - the cursed +1 leather armour "Adversity of Ashenzari" (worn) {rC+, Range, Self}
   (You took it off an orc on level 5 of the Dungeon)

   It has a curse which improves the following skills: Ranged Combat: Slings,
   Bows, Crossbows and Throwing.
   Introspection: Fighting and Spellcasting.
 P - the +1 leather armour of Salvation {Will+ Dex+4}
   (You took it off a goblin on level 4 of the Dungeon)

   Dex:       It affects your dexterity (+4).
   Will:      It increases your willpower.
Jewellery
 f - a ring of positive energy
 j - the ring "Onuas" (left hand) {Wiz rElec rF- rCorr Int+4}
   (You bought it in a shop on level 3 of the Snake Pit)

   [ring of wizardry]

   It improves your spell success rate.
   Int:       It affects your intelligence (+4).
   rF:        It makes you vulnerable to fire.
   rElec:     It insulates you from electricity.
   rCorr:     It protects you from acid and corrosion.
 v - the cursed ring of Ashenzari's Suspicion (right hand) {Int+6, Fort, Self}
   (You found it on level 3 of the Dungeon)

   [ring of intelligence]

   Int:       It affects your intelligence (+6).
   It has a curse which improves the following skills: Fortitude: Armour and
   Shields.
   Introspection: Fighting and Spellcasting.
 D - the ring "Zeumuaj" {+Blink rElec rF+ EV+4}
   (You took it off an orc priest on level 10 of the Dungeon)

   [ring of evasion]

   EV:        It affects your evasion (+4).
   rF:        It protects you from fire.
   rElec:     It insulates you from electricity.
   +Blink:    It lets you blink.
 F - a ring of protection from fire
 T - the cursed amulet of Ashenzari's Polytheism (around neck) {Regen+, Evo, Self}
   (You found it in a volcano)

   [amulet of regeneration]

   Regen:     It increases your rate of health regeneration.
   It has a curse which improves the following skills: Evocations: Evocations.
   Introspection: Fighting and Spellcasting.
Wands
 z - a wand of iceblast (18)
 A - a wand of flame (41)
 H - a wand of charming (5)
 I - a wand of mindburst (3)
 M - a wand of polymorph (25)
 N - a wand of paralysis (6) (quivered)
 Q - a wand of digging (8)
 X - a wand of acid (21)
Scrolls
 c - 2 scrolls of silence
 h - 6 scrolls of immolation
 i - 8 scrolls of enchant weapon
 m - 3 scrolls of fog
 q - 8 scrolls of teleportation
 r - 5 scrolls of magic mapping
 u - 2 scrolls of brand weapon
 E - 3 scrolls of holy word
 J - 6 scrolls of vulnerability
 K - a scroll of blinking
 R - 4 scrolls of enchant armour
 Z - 12 scrolls of fear
Potions
 e - 4 potions of brilliance
 g - 5 potions of lignification
 k - 3 potions of might
 o - 4 potions of cancellation
 p - 3 potions of mutation
 s - 3 potions of haste
 t - 9 potions of curing
 C - 5 potions of invisibility
 L - 11 potions of ambrosia
 W - 5 potions of heal wounds
Miscellaneous
 b - a phantom mirror (inert)
 O - a lightning rod (4/4)
 Y - a phial of floods


   Skills:
 - Level 15.7(21.1) Fighting
 - Level 0.2(0.7) Long Blades
 - Level 4.8(6.7) Armour
 - Level 13.3(15.2) Dodging
 - Level 4.7(6.6) Stealth
 - Level 3.9(5.7) Shields
 + Level 17.1(22.5) Spellcasting
 - Level 13.5(17.3) Evocations


You had 12 spell levels left.
You knew the following spells:

 Your Spells              Type           Power      Damage    Failure   Level
a - Foxfire               Conj/Fire      100%       2x1d9     0%          1
b - Scorch                Fire           100%       2d10      0%          2
c - Conjure Flame         Conj/Fire      100%       6-21      0%          3
d - Inner Flame           Hex/Fire       100%       N/A       0%          3
e - Flame Wave            Conj/Fire      100%       2d17      0%          4
f - Sandblast             Erth           100%       2d20      0%          1
g - Poisonous Vapours     Pois/Air       100%       N/A       0%          2
h - Passwall              Tmut/Erth      100%       N/A       0%          2
i - Airstrike             Air            63%        N/A       0%          4
j - Borgnjor's Vile Clut  Necr/Erth      63%        N/A       0%          5
k - Silence               Hex/Air        63%        N/A       0%          5
l - Iron Shot             Conj/Erth      63%        9d12      0%          6
m - Storm Form            Tmut/Air       63%        N/A       1%          7
n - Simulacrum            Ice/Necr       63%        N/A       0%          6
Your spell library was empty.

Dungeon Overview and Level Annotations

Branches:
Dungeon (15/15)            Temple (1/1) D:4            Lair (6/6) D:8
 Shoals (1/4) Lair:3        Snake (4/4) Lair:3        Slime (0/5) Lair:5
    Orc (2/2) D:10            Elf (0/3) Orc:2        Vaults (0/5) D:13
 Depths (0/4) D:15          IceCv (visited)         Volcano (visited)

Altars:
Ashenzari
Cheibriados
Dithmenos
Elyvilon
Fedhas
Gozag
Hepliaklqana
Makhleb
Nemelex Xobeh
Okawaru
Qazlal
Ru
Sif Muna
Trog
Uskayaw
Vehumet
Wu Jian
Xom
Yredelemnul
Zin
The Shining One
Jiyva

Shops:
D:4 **   D:5 *   Orc:2 :[*(   Snake:3 *=[(

Annotations:
D:8 2 runed translucent doors
Lair:5 2 runed translucent doors, Etewkasm's ghost, journeyman TrMo
Snake:1 1 runed translucent door
Snake:3 Awicason's ghost, adept MiBe
Snake:4 Vashnia
Orc:1 3 runed translucent doors, Lenoorr's ghost, journeyman DDFi


Innate Abilities, Weirdness & Mutations

You are immune to sickness and miasma.
You are immune to poison.
Your flesh is very heat resistant. (rF++)
You are vulnerable to cold. (rC-)
You float through the air rather than walking.
You learn spells naturally, not from books.
Your magical power is your life essence.
You have superior vitality. (+4 MHP)
You are agile. (Dex +2)
You are dopey. (Int -2)
You are somewhat resistant to further mutation.
[You are very clumsy. (Dex -4)]
[You sometimes lose the ability to read scrolls when taking damage.]


Message History

The angel hits your brown very ugly thing with a +1 whip of holy wrath.
The large abomination hits your brown very ugly thing!!
Your brown very ugly thing pecks the angel.
The angel is splashed with acid.
The raiju bites you but does no damage. The ufetubus misses you.
The ufetubus closely misses you. x2
The ufetubus barely misses you.
You begin to meditate on the wall.
You continue meditating on the rock.
The angel hits your brown very ugly thing with a +1 whip of holy wrath!
The angel hits your brown very ugly thing with a +1 whip of holy wrath.
A starcursed mass splits.
The large abomination hits your brown very ugly thing but does no damage.
The ynoxinul gestures at you. The iron shot hits you!!
* * * LOW HITPOINT WARNING * * *
The ufetubus misses you. The ufetubus hits you.
* * * LOW HITPOINT WARNING * * *
The ufetubus completely misses you. The ufetubus hits you.
* * * LOW HITPOINT WARNING * * *
The angel barely misses your brown very ugly thing.
The angel hits your brown very ugly thing with a +1 whip of holy wrath!
Your brown very ugly thing dies!
Your brown very ugly thing's corpse shimmers and vanishes!
The brown very ugly thing closely misses you.
The raiju completely misses you.
You continue meditating on the rock.
You hear a chilling moan.
The ufetubus barely misses you. x2; The ufetubus completely misses you.
The ufetubus barely misses you.
A starcursed mass splits.
The ynoxinul completely misses you. The brown very ugly thing pecks you!!
* * * LOW HITPOINT WARNING * * *
You are splashed with acid.
You resist.
* * * LOW HITPOINT WARNING * * *
The raiju bites you!
* * * LOW HITPOINT WARNING * * *
The raiju shocks you. You resist.
* * * LOW HITPOINT WARNING * * *
The ufetubus barely misses you. The ufetubus hits you.
* * * LOW HITPOINT WARNING * * *
The ufetubus closely misses you. The ufetubus hits you.
You die...

,,,,,, , , ,, , *,,#
#. *,* , ,...#**
#.#,,* * * , *#..# ,
##.## * , , , * ,*
**.X## **#.#.* ,,, , *
, * * ...# **.#.#. * *
* , * * #5x# .# # , *
* ** .#55# ,*.# ## * #
, * * .#35##, .#.# , #
* , *.#@5#..###.### #
, *** *.#uh######.##.
# , , , ,*
X#A....{....###*.#*
,......h.######3##.#
.# * *,
.....X.h......{.3.,...
* ** ...XX.X.......,..
., , * * *, ,,.
...........,W....,. ,
* . ..#.X...#.....#.,.
. , *
**...###...###.,. # 3
#


You could see 3 starcursed masses, an angel, a brown very ugly thing (corroded),
3 large abominations, 3 raiju, a ynoxinul, a small abomination and 5 ufetubi.

Vanquished Creatures
  Rupert (D:14)
  Agnes (D:14)
  A tentacled starspawn (Abyss:3)
  2 nagarajas
  Donald (Snake:2)
  Louise (Shoals:1)
  A stone giant (D:15)
  A reaper (IceCv)
  A war gargoyle (D:13)
  Azrael (D:12)
  Nessos (D:14)
  2 green deaths (Abyss:3)
  Snorg (D:10)
  4 vault guards (D:13)
  2 merfolk impalers (Shoals:1)
  5 boulder beetles
  8 hydras
  14 naga warriors
  3 salamander tyrants (Snake:4)
  An ogre mage (D:13)
  Erolcha (D:9)
  4 centaur warriors
  A merfolk avatar (Shoals:1)
  A death knight (D:15)
  14 anacondas
  A catoblepas (D:15)
  13 death yaks (Lair:6)
  6 tengu warriors
  6 two-headed ogres
  8 shock serpents
  Nergalle (D:11)
  9 naga sharpshooters
  A hell knight (Volcano)
  A wretched star (Abyss:3)
  3 salamander mystics
  Lodul (D:12)
  6 naga ritualists
  A wizard (D:15)
  An orc knight (Orc:2)
  6 mana vipers
  4 deep elf pyromancers
  5 harpies
  6 orc sorcerers
  7 ugly things
  The ghost of spaghetti the Nimble, a novice OpCK of Xom (D:5)
  20 salamanders
  An oklob plant (Lair:1)
  4 manticores
  3 merfolk sirens
  A spectral shock serpent (Snake:4)
  Maurice (D:12)
  11 elephants
  5 guardian serpents (Snake:4)
  6 cyclopes
  An ice statue (IceCv)
  14 naga magi
  30 black mambas
  A centaur skeleton (Abyss:3)
  2 gargoyles
  5 yaktaurs
  3 kobold demonologists
  4 rime drakes
  5 cane toads
  3 tengu conjurers (D:15)
  3 unseen horrors
  13 komodo dragons
  An anaconda simulacrum (IceCv)
  2 entropy weaver simulacra (IceCv)
  A queen bee (Lair:3)
  3 meliai (D:13)
  2 red devils (Volcano)
  6 hornets
  4 trolls
  4 polar bears
  4 merfolk (Shoals:1)
  A dream sheep (Shoals:1)
  2 wind drakes (Shoals:1)
  12 blink frogs
  4 slime creatures
  A raiju (Abyss:3)
  A shock serpent simulacrum (Snake:4)
  A snapping turtle (Shoals:1)
  A spectral black mamba (Snake:4)
  12 spriggans (Lair:6)
  3 wraiths
  A dire elephant simulacrum (IceCv)
  2 shadows
  4 vampires
  A human (D:13)
  19 yaks
  5 basilisks
  5 fire bats (Volcano)
  6 wyverns
  A large abomination (Abyss:3)
  A steam dragon (D:10)
  27 nagas
  11 vampire mosquitoes
  2 harpy simulacra (IceCv)
  2 acid dragons
  3 hell hounds (D:12)
  16 water moccasins
  33 orc warriors
  2 ice beasts
  4 ogres
  9 black bears
  24 wolves
  2 boggarts (Lair:6)
  22 centaurs
  A black mamba simulacrum (Snake:4)
  3 kobold brigands
  2 gnoll sergeants
  8 bullfrogs
  7 two-headed ogre simulacra (IceCv)
  A water moccasin zombie (D:5)
  A scorpion (D:5)
  8 wights
  An elephant simulacrum (IceCv)
  5 spectral nagas (Snake:4)
  33 killer bees
  4 electric eels
  2 howler monkeys
  5 lava snakes (Volcano)
  2 hounds (D:4)
  11 orc priests
  2 jellies
  An iguana (D:5)
  18 orc wizards
  4 polar bear simulacra (IceCv)
  6 spriggan simulacra (IceCv)
  5 troll simulacra (IceCv)
  3 wolf simulacra (IceCv)
  A howler monkey zombie (D:5)
  25 gnolls
  9 adders
  2 naga simulacra (IceCv)
  15 white imps
  7 ufetubi
  2 dart slugs
  67 orcs
  8 bats
  2 endoplasms
  3 giant cockroaches
  8 goblins
  7 hobgoblins
  7 jackals
  11 kobolds
  3 quokkas
  5 ball pythons
  3 frilled lizards
  6 rats
  3 starspawn tentacles (Abyss:3)
890 creatures vanquished.

Vanquished Creatures (collateral kills)
  3 nagarajas (Snake:4)
  2 naga warriors (Snake:4)
  3 two-headed ogres (D:12)
  3 death yaks (Lair:6)
  A shock serpent (Snake:4)
  A naga sharpshooter (Snake:4)
  A sun demon (Volcano)
  2 salamander mystics
  4 harpies
  2 mana vipers
  2 salamanders (Snake:2)
  5 elephants
  3 naga magi (Snake:4)
  2 black mambas (Snake:4)
  A guardian serpent (Snake:4)
  A smoke demon (Abyss:3)
  A hellion (Abyss:3)
  A red devil (Volcano)
  A troll (Orc:2)
  A blink frog (Lair:4)
  A wind drake (Shoals:1)
  4 dream sheep
  A wraith (Abyss:3)
  7 yaks
  3 fire elementals (D:12)
  2 basilisks (D:15)
  2 vampire mosquitoes
  6 nagas
  A water moccasin (Lair:6)
  4 orc warriors (Orc:2)
  A black bear (Lair:6)
  2 ogres (D:12)
  2 wolves (Lair:6)
  2 boggarts (Lair:6)
  3 centaurs (Orc:2)
  A cane toad simulacrum (IceCv)
  A scorpion (Lair:2)
  A wight (D:8)
  3 killer bees
  A lava snake (Volcano)
  2 orc priests (Orc:1)
  3 orc wizards
  A polar bear simulacrum (IceCv)
  3 white imps
  An ufetubus (IceCv)
  20 orcs
  A goblin (D:1)
  4 kobolds (D:11)
  A butterfly (Lair:4)
  11 foxfires
135 creatures vanquished.

Vanquished Creatures (others)
  A vault guard (D:13)
  A naga warrior (Snake:4)
  A boulder beetle (D:12)
  A naga sharpshooter (Snake:4)
  A salamander mystic (Snake:2)
  A naga ritualist (Snake:4)
  2 harpies
  An ugly thing (Volcano)
  A guardian serpent (Snake:4)
  A naga mage (Snake:4)
  A komodo dragon (Lair:3)
  A polar bear (Lair:6)
  A dream sheep (Shoals:1)
  A vampire mosquito (D:11)
  2 nagas
  An orc warrior (Orc:2)
  A black bear (D:7)
  A wolf (Lair:2)
  A centaur (Orc:2)
  A kobold brigand (D:11)
  3 killer bees (Lair:3)
  A gnoll (D:8)
  A white imp (D:13)
  An ufetubus (Abyss:3)
  6 orcs
  A jackal (D:1)
  640 foxfires
  36 fungi
  80 plants
  A starspawn tentacle (Abyss:3)
  A withered plant (D:15)
793 creatures vanquished.

Grand Total: 1818 creatures vanquished

Notes
Turn   | Place    | Note
-------+----------+-------------------------------------------
     0 | D:1      | enile the Djinni Fire Elementalist began the quest for the
                  | Orb.
     0 | D:1      | Reached XP level 1. HP: 15/15 MP: 0/0
   390 | D:1      | Reached skill level 1 in Fighting
   390 | D:1      | Reached XP level 2. HP: 20/22 MP: 0/0
   754 | D:1      | Found a faded altar of an unknown god.
   905 | D:1      | Reached XP level 3. HP: 21/27 MP: 0/0
   905 | D:1      | Learned a level 1 spell: Sandblast
  1684 | D:2      | Reached skill level 3 in Spellcasting
  1890 | D:2      | Reached XP level 4. HP: 29/33 MP: 0/0
  2544 | D:3      | Noticed a black bear
  2580 | D:2      | Killed a black bear
  2581 | D:2      | Reached XP level 5. HP: 27/40 MP: 0/0
  2581 | D:2      | Learned a level 2 spell: Poisonous Vapours
  3098 | D:3      | Reached XP level 6. HP: 46/46 MP: 0/0
  3339 | D:4      | Found a staircase to the Ecumenical Temple.
  3374 | Temple   | Entered the Ecumenical Temple
  3396 | Temple   | Became a worshipper of Ashenzari the Shackled
  3428 | D:4      | Reached skill level 4 in Spellcasting
  3581 | D:4      | Found Aruug's Specific Store.
  3582 | D:4      | Found Naoq's General Store.
  3947 | D:4      | Identified the +1 leather armour of Salvation {Will+ Dex+4}
  4344 | D:4      | Reached XP level 7. HP: 51/53 MP: 0/0
  4344 | D:4      | Learned a level 2 spell: Passwall
  4585 | D:5      | Entered Level 5 of the Dungeon
  4667 | D:5      | Noticed a two-headed ogre
  4751 | D:5      | Reached skill level 5 in Fighting
  5062 | D:5      | Reached skill level 5 in Spellcasting
  5544 | D:4      | Reached XP level 8. HP: 34/61 MP: 0/0
  5876 | D:5      | Found a runed translucent gate.
  5876 | D:5      | Found a runed translucent gate.
  5876 | D:5      | Found a runed translucent gate.
  5876 | D:5      | Noticed spaghetti's ghost (novice OpCK)
  5940 | D:5      | Killed a two-headed ogre
  5941 | D:5      | Reached skill level 6 in Spellcasting
  5975 | D:5      | Reached XP level 9. HP: 67/68 MP: 0/0
  5975 | D:5      | Learned a level 4 spell: Airstrike
  6012 | D:5      | Found Xaadiresch's Gadget Gallery.
  6021 | D:5      | Bought a wand of iceblast (6) for 120 gold pieces
  6021 | D:5      | Bought a wand of flame (11) for 78 gold pieces
  6246 | D:5      | Found a basalt altar of Yredelemnul.
  6872 | D:6      | Reached * piety under Ashenzari
  6994 | D:6      | Noticed a hornet
  6998 | D:6      | Killed a hornet
  6999 | D:6      | Reached skill level 7 in Spellcasting
  7467 | D:6      | Gained mutation: You expend health (3 HP) to strengthen
                  | your wands. [potion of mutation]
  7467 | D:6      | Gained mutation: You are partially covered in iridescent
                  | scales. (AC +2) [potion of mutation]
  7467 | D:6      | Gained mutation: You are mostly covered in iridescent
                  | scales. (AC +4) [potion of mutation]
  7588 | D:7      | Found an opulent altar of Gozag.
  7595 | D:7      | Reached ** piety under Ashenzari
  8083 | D:7      | Reached XP level 10. HP: 78/83 MP: 0/0
  8221 | D:7      | Found a snail-covered altar of Cheibriados.
  8424 | D:7      | Reached skill level 10 in Fighting
  8741 | D:7      | Reached skill level 1 in Evocations
  9262 | D:8      | Reached skill level 5 in Evocations
  9958 | D:8      | Found a large runed translucent door.
  9959 | D:8      | Found a large runed translucent door.
  9974 | D:8      | Reached XP level 11. HP: 77/89 MP: 0/0
  9974 | D:8      | Learned a level 5 spell: Borgnjor's Vile Clutch
  9990 | D:8      | Reached *** piety under Ashenzari
 10057 | D:8      | Found a staircase to the Lair.
 10583 | Lair:1   | Entered Level 1 of the Lair of Beasts
 10583 | Lair:1   | Identified the +7 rapier of Trauma {flame, rC+ Int+2 Dex+2}
 10943 | Lair:1   | Identified the +8 hunting sling "Tawkauph" {freeze, Int+2}
 11061 | Lair:1   | Reached skill level 5 in Dodging
 11341 | Lair:1   | Found a shimmering altar of Xom.
 11341 | Lair:1   | Noticed an oklob plant
 11346 | Lair:1   | Killed an oklob plant
 11440 | Lair:1   | Noticed a seven-headed hydra
 11449 | Lair:1   | Killed a seven-headed hydra
 11715 | Lair:1   | Noticed a five-headed hydra
 11722 | Lair:1   | Killed a five-headed hydra
 12176 | Lair:2   | Reached skill level 8 in Spellcasting
 12229 | Lair:2   | Noticed a seven-headed hydra
 12234 | Lair:2   | Killed a seven-headed hydra
 12460 | Lair:2   | Reached XP level 12. HP: 92/102 MP: 0/0
 13171 | Lair:3   | Reached skill level 9 in Spellcasting
 13885 | Lair:3   | Reached skill level 10 in Spellcasting
 14231 | Lair:3   | Found a staircase to the Shoals.
 14264 | Lair:3   | Found a staircase to the Snake Pit.
 15361 | Lair:4   | Reached XP level 13. HP: 71/109 MP: 0/0
 15361 | Lair:4   | Learned a level 5 spell: Silence
 15689 | Lair:4   | Noticed a boulder beetle
 15708 | Lair:4   | Killed a boulder beetle
 15911 | Lair:4   | Reached skill level 11 in Spellcasting
 17160 | Lair:5   | Found a runed translucent door.
 17180 | Lair:5   | Reached skill level 12 in Spellcasting
 17562 | Lair:5   | Reached **** piety under Ashenzari
 17978 | Lair:5   | Found a shimmering altar of Xom.
 17978 | Lair:5   | Noticed Etewkasm's ghost (journeyman TrMo)
 18264 | Lair:5   | Found a runed translucent door.
 18266 | Lair:5   | Found a viscous altar of Jiyva.
 18268 | Lair:5   | Found a staircase to the Slime Pits.
 18268 | Lair:5   | Noticed an acid blob
 18272 | Lair:5   | Noticed an acid blob
 18285 | Lair:5   | Noticed a boulder beetle
 18300 | Lair:5   | Killed a boulder beetle
 18715 | Lair:6   | Entered Level 6 of the Lair of Beasts
 18715 | Lair:6   | Identified the +9 hand crossbow "Ojimp" {freeze, rCorr}
 19183 | Lair:6   | Found a dark tunnel.
 19188 | Volcano  | Entered a volcano
 19602 | Volcano  | Reached XP level 14. HP: 12/121 MP: 0/0
 20277 | Lair:6   | Reached ***** piety under Ashenzari
 20433 | Lair:6   | Reached skill level 13 in Spellcasting
 20828 | Lair:6   | Reached XP level 15. HP: 108/132 MP: 0/0
 20828 | Lair:6   | Learned a level 6 spell: Iron Shot
 21513 | D:9      | Found a glowing silver altar of Zin.
 21711 | D:9      | Identified the +1 leather armour "Gocisuid" {Harm rElec rF+
                  | Str-3}
 21832 | D:9      | Noticed Erolcha
 21835 | D:9      | Killed Erolcha
 22048 | D:10     | Entered Level 10 of the Dungeon
 22057 | D:10     | Found a hazy altar of Hepliaklqana.
 22174 | D:10     | Noticed Snorg
 22180 | D:10     | Killed Snorg
 22313 | D:10     | Found a staircase to the Orcish Mines.
 22624 | D:10     | Identified the ring "Zeumuaj" {+Blink rElec rF+ EV+4}
 22989 | Orc:1    | Entered Level 1 of the Orcish Mines
 23207 | Orc:1    | Found a runed translucent gate.
 23208 | Orc:1    | Found a runed translucent gate.
 23209 | Orc:1    | Found a runed translucent gate.
 23214 | Orc:1    | Noticed an orc warlord
 23216 | Orc:1    | Noticed Lenoorr's ghost (journeyman DDFi)
 23230 | Orc:1    | Identified the +0 robe "Ustea" {Drain rF++ rCorr Stlth-}
 23396 | Orc:1    | Found an iron altar of Okawaru.
 23432 | Orc:2    | Entered Level 2 of the Orcish Mines
 23978 | Orc:2    | Paralysed by an orc sorcerer for 4 turns
 24071 | Orc:2    | Reached skill level 14 in Spellcasting
 24164 | Orc:2    | Found a staircase to the Elven Halls.
 24327 | Orc:2    | Found Femizy Mykei's Book Shop.
 24404 | Orc:2    | Found Zodiov's Antique Armour Boutique.
 24404 | Orc:2    | Found Zuaciy's Assorted Antiques.
 24404 | Orc:2    | Found Heatod Jouna's Weapon Shoppe.
 24472 | Orc:2    | Bought a potion of mutation for 240 gold pieces
 24472 | Orc:2    | Bought an encrusted agate ring for 150 gold pieces
 24759 | D:5      | Bought a phantom mirror for 480 gold pieces
 24759 | D:5      | Bought a wand of polymorph (6) for 96 gold pieces
 24759 | D:5      | Bought a wand of flame (9) for 66 gold pieces
 24801 | D:5      | Killed spaghetti's ghost
 24991 | D:11     | Noticed Nergalle
 25243 | D:11     | Killed Nergalle
 25523 | D:11     | Identified the +6 scale mail of Lifelessness {Int+6}
 25734 | D:12     | Noticed Lodul
 25738 | D:12     | Killed Lodul
 25746 | D:12     | Reached skill level 10 in Evocations
 26055 | D:12     | Noticed Azrael
 26059 | D:12     | Killed Azrael
 26136 | D:12     | Reached XP level 16. HP: 135/140 MP: 0/0
 26190 | D:12     | Noticed Maurice
 26196 | D:12     | Killed Maurice
 26512 | D:13     | Found a frozen archway.
 26605 | IceCv    | Entered an ice cave
 27056 | IceCv    | Identified the ring of Amnesoc {rPois rF+ Slay+3}
 27404 | D:13     | Found a gate to the Vaults.
 27652 | D:13     | Reached skill level 10 in Dodging
 28308 | D:13     | Found a white marble altar of Elyvilon.
 28503 | D:14     | Noticed Agnes
 28510 | D:14     | Killed Agnes
 28580 | D:14     | Reached skill level 15 in Fighting
 28614 | D:14     | Noticed Nessos
 28617 | D:14     | Killed Nessos
 28632 | D:14     | Noticed Rupert
 28638 | D:14     | Killed Rupert
 28829 | D:15     | Entered Level 15 of the Dungeon
 28829 | D:15     | Identified the +6 hunting sling "Bekiaja" {venom, Str+2}
 29317 | D:15     | Reached XP level 17. HP: 98/148 MP: 0/0
 29317 | D:15     | Learned a level 7 spell: Storm Form
 29790 | D:15     | Found a staircase to the Depths.
 29883 | D:15     | Identified the +2 robe of the Monk {Rampage rF- rN++ SInv}
 29939 | D:15     | Reached skill level 15 in Spellcasting
 30359 | D:9      | Identified a scroll of acquirement
 30364 | D:9      | Acquired 1147 gold pieces
 30456 | Snake:1  | Entered Level 1 of the Snake Pit
 31056 | Snake:1  | Found a runed translucent door.
 31117 | Snake:1  | Identified the cursed +1 hat "Disgust of Ashenzari" {Int+3,
                  | Evo, Self} (You found it in an ice cave)
 31117 | Snake:1  | Identified the cursed +0 pair of gloves "Overhang to
                  | Understand" {Cun, Melee} (You found it on level 2 of the
                  | Dungeon)
 31117 | Snake:1  | Identified the cursed orb "Enigmatic Vexation" {mayhem,
                  | Melee, Evo} (You found it on level 1 of the Dungeon)
 31117 | Snake:1  | Identified the cursed +1 leather armour "Adversity of
                  | Ashenzari" {rC+, Range, Self} (You took it off an orc on
                  | level 5 of the Dungeon)
 31831 | Snake:2  | Noticed Donald
 31838 | Snake:2  | Killed Donald
 31970 | Snake:2  | Identified the +8 trident "Abuir" {vorpal, Int+5}
 32147 | Snake:3  | Found Goiz's Weapon Shoppe.
 32150 | Snake:3  | Found Vuwn's Armour Shoppe.
 32150 | Snake:3  | Found Fuxi's Jewellery Emporium.
 32155 | Snake:3  | Found Plog's Assorted Antiques.
 32161 | Snake:3  | Bought a runed helmet for 277 gold pieces
 32166 | Snake:3  | Bought the ring "Onuas" {Wiz rElec rF- rCorr Int+4} for
                  | 1020 gold pieces
 32895 | Snake:4  | Entered Level 4 of the Snake Pit
 33079 | Snake:4  | Reached XP level 18. HP: 77/148 MP: 0/0
 33154 | Snake:4  | Noticed Vashnia
 33205 | Snake:4  | Found a runed translucent gate.
 33205 | Snake:4  | Found a runed translucent gate.
 33206 | Snake:4  | Found a runed translucent gate.
 33211 | Snake:4  | Reached skill level 16 in Spellcasting
 33222 | Snake:4  | Identified the +0 pair of gloves "Leatemacyi" {rPois rC++
                  | MP+9 Int+4}
 33224 | Snake:4  | Noticed Awicason's ghost (adept MiBe)
 34790 | Snake:4  | Reached skill level 1 in Shields
 34896 | Snake:4  | Got a serpentine rune of Zot
 35943 | Shoals:1 | Entered Level 1 of the Shoals
 35966 | Shoals:1 | Reached XP level 19. HP: 122/158 MP: 0/0
 35966 | Shoals:1 | Learned a level 6 spell: Simulacrum
 36120 | Shoals:1 | Reached skill level 17 in Spellcasting
 36199 | Shoals:1 | Noticed Louise
 36205 | Shoals:1 | Killed Louise
 36518 | Shoals:1 | Cast into level 3 of the Abyss (merfolk javelineer)
 36633 | Abyss:3  | Lost mutation: You expend health (3 HP) to strengthen your
                  | wands. [potion of mutation]
 36633 | Abyss:3  | Lost mutation: You are mostly covered in iridescent scales.
                  | (AC +4) [potion of mutation]
 36633 | Abyss:3  | Lost mutation: You are partially covered in iridescent
                  | scales. (AC +2) [potion of mutation]
 36633 | Abyss:3  | Gained mutation: You are agile. (Dex +2) [potion of
                  | mutation]
 36633 | Abyss:3  | Gained mutation: You are dopey. (Int -2) [potion of
                  | mutation]
 36633 | Abyss:3  | Gained mutation: You are somewhat resistant to further
                  | mutation. [potion of mutation]
 36748 | Abyss:3  | HP: 7/158 [raiju (7)]
 36748 | Abyss:3  | HP: 2/158 [ufetubus[a ynoxinul] (2)]
 36748 | Abyss:3  | Slain by an ufetubus

Illustrated notes

Levels and vault maps discovered:
D:1:      scummos_arrival_hexagon, layout_loops_ring,
          hellmonk_ecumenical_altar_blasted, minmay_surrounded
D:2:      layout_basic
D:3:      layout_loops_cross
D:4:      layout_loops_cross, temple_fountains, hangedman_decor_diamond_cutter,
          nicolae_specific_store, dreamdust_princess_bridge
D:5:      layout_rooms, nicolae_yredelemnul_ghost_church, nicolae_shop_gadgets
D:6:      layout_gridville, serial_bayou_lagoon_a
D:7:      layout_rooms, mainiacjoe_overflow_catwalk_spiral,
          minmay_stone_trees_small, minmay_statues_item, grunt_decor_arrowhead
D:8:      layout_basic, jmf_multi_god_temple2, minmay_lair_entry_grove,
          kennysheep_path_1, dk_noncrumbling_2
D:9:      layout_loops_ring, mainiacjoe_overflow_boulevard, uniq_erolcha
D:10:     layout_loops_cross, nicolae_overflow_crystal_walls, hiddenorc2_lemuel,
          serial_aquarium, aquarium_bridge_long_separate
          [aquarium_subvault_bridge, aquarium_subvault_wall,
          aquarium_subvault_wall, aquarium_subvault_wall,
          aquarium_subvault_wall, aquarium_subvault_bridge],
          aquarium_bridge_square [aquarium_subvault_window,
          aquarium_subvault_window, aquarium_subvault_window,
          aquarium_subvault_bridge], aquarium_window_1, aquarium_window_fake,
          aquarium_window_1, aquarium_window_corner, aquarium_view_2d,
          aquarium_pool_2, uniq_snorg
D:11:     layout_cave_pools, uniq_nergalle
D:12:     layout_cave_pools, uniq_azrael, uniq_maurice, uniq_lodul
D:13:     nzn_winding_woodlands_three_and_one
          [nzn_winding_woodlands_5x15_river_crossing,
          nzn_winding_woodlands_5x15_lazy_stream,
          nzn_winding_woodlands_5x15_longhouse,
          nzn_winding_woodlands_center_diamonds], layout_layer_cave,
          grunt_vaults_entry_fortified, portal_ice_cave_entry_imps,
          nicolae_elyvilon_temple_path
D:14:     layout_rooms, minivault_11, uniq_agnes, uniq_rupert, uniq_nessos
D:15:     grunt_enter_depths_snipers, layout_loops_ring, argonaut_gorgonesque
Temple:   minmay_freezing_vapour_temple
Lair:1:   layout_big_grid, lemuel_oklob_altar
Lair:2:   layout_cave_shapes, st_stairs_12, infiniplex_staircase_pool_2
Lair:3:   layout_long_grid, minmay_shoals_entry_lonely_mermaid,
          guppyfry_snake_entry_garden, special_room [special_room_bee],
          beast_lair_carwin_7
Lair:4:   layout_gridlike, lemuel_fruit_fields
Lair:5:   layout_regular_city, slime_altar_2, ebering_ghost_xom,
          serial_bayou_shore_a, serial_bayou_shore_b
Lair:6:   minmay_lair_end_enchanted_forest, layout_gridlike,
          nicolae_volcano_entry_s_turn
Shoals:1: layout_shoals, uniq_louise
Snake:1:  cheibrodos_toxic_ritual, layout_basic
Snake:2:  layout_grid_shapes, nicolae_snake_coiling_death, uniq_donald
Snake:3:  layout_concentric_octagons, minmay_shoptagon, serial_bayou_shore_b,
          lemuel_fruit_tree, grunt_megastairs_1
Snake:4:  grunt_snake_rune_serpentine_throne, layout_misc_corridors,
          gammafunk_ghost_necromancy, eino_curves_02
Orc:1:    layout_caves, gammafunk_ghost_fury_of_okawaru
Orc:2:    st_orc_rangers, layout_caves
Abyss:3:  base: D:2, minivault_24

Skill      XL: |  1  2  3  4  5  6  7  8  9 10 11 12 13 14 15 16 17 18 19 |
---------------+----------------------------------------------------------+-----
Fighting       | 1 2 3 4 5 7 9 10 11 12 14 15 | 15.7
Spellcasting   | 3 4 5 6 7 8 10 12 13 14 15 16 17 | 17.1
Evocations     | 5 6 7 10 11 13 | 13.5
Dodging        | 4 6 8 10 13 | 13.3
Armour         | 3 4 |  4.8
Stealth        | 3 4 |  4.7
Shields        | 3 |  3.9
Long Blades    | |  0.2

Action                   |  1- 3 |  4- 6 |  7- 9 | 10-12 | 13-15 | 16-18 | 19-21 || total
-------------------------+-------+-------+-------+-------+-------+-------+-------++-------
Melee: Unarmed           |     1 |       |       |       |       |   119 |       ||   120
       Dagger            |       |       |     3 |     3 |       |       |       ||     6
       Rapier            |       |       |       |     6 |    16 |    24 |    11 ||    57
       Punch             |       |       |       |       |       |     1 |       ||     1
 Cast: Foxfire           |    70 |    91 |    78 |   109 |    47 |     1 |       ||   396
       Scorch            |     4 |    10 |    36 |    68 |    42 |     2 |       ||   162
       Poisonous Vapours |       |     8 |     4 |    10 |     3 |       |       ||    25
       Inner Flame       |       |     1 |     2 |     8 |    26 |    54 |       ||    91
       Flame Wave        |       |       |     1 |     2 |     8 |       |       ||    11
       Airstrike         |       |       |    10 |    86 |   285 |   135 |       ||   516
       Borgnjor's Vile C |       |       |       |    16 |    31 |     3 |     1 ||    51
       Iron Shot         |       |       |       |       |   113 |   298 |    45 ||   456
       Silence           |       |       |       |       |       |     2 |       ||     2
       Storm Form        |       |       |       |       |       |    12 |       ||    12
       Passwall          |       |       |       |       |       |       |     1 ||     1
Invok: Curse Item        |       |       |     3 |     2 |     2 |     1 |       ||     8
       Shatter the Chain |       |       |       |       |       |     2 |       ||     2
 Abil: Blinkbolt         |       |       |       |       |       |     6 |       ||     6
Evoke: Wand              |       |       |       |       |     2 |     9 |       ||    11
       Lightning rod     |       |       |       |       |       |     3 |       ||     3
       Phantom mirror    |       |       |       |       |       |     2 |     1 ||     3
  Use: Scroll            |     1 |     2 |     2 |     1 |     1 |     8 |       ||    15
       Potion            |     1 |       |     1 |     3 |       |       |     1 ||     6
 Stab: Sleeping          |       |       |       |       |     1 |     1 |       ||     2
Armor: Robe              |     2 |     2 |       |       |       |       |       ||     4
       Leather armour    |       |       |     5 |    40 |    51 |    39 |    12 ||   147
       Skin              |       |       |       |       |       |    27 |       ||    27
Dodge: Dodged            |    11 |     9 |    34 |   115 |   215 |   310 |    42 ||   736

Table legend: (Time is in decaauts)
 A = Elapsed time spent in this place.
 B = Non-inter-level travel time spent in this place.
 C = Inter-level travel time spent in this place.
 D = Time resting spent in this place.
 E = Time spent auto-exploring this place.
 F = Levels seen in this place.
 G = Mean time per level.
                   A        B        C        D        E       F      G
               +--------+--------+--------+--------+--------+-----+--------+
         Total |  36833 |  34889 |   1944 |   3965 |  25082 |  32 | 1151.0 |
       Dungeon |  17427 |  16136 |   1291 |   1267 |  12370 |  15 | 1161.8 |
        Temple |     27 |     22 |      5 |      0 |     10 |   1 |   27.0 |
          Lair |   9947 |   9568 |    379 |    945 |   7460 |   6 | 1657.8 |
        Shoals |    576 |    576 |      0 |      0 |    441 |   1 |  576.0 |
     Snake Pit |   5493 |   5289 |    204 |   1175 |   2834 |   4 | 1373.2 |
  Orcish Mines |   1621 |   1559 |     62 |    532 |    780 |   2 |  810.5 |
         Abyss |    230 |    230 |      0 |      0 |     81 |   1 |  230.0 |
      Ice Cave |    598 |    598 |      0 |      0 |    389 |   1 |  598.0 |
       Volcano |    910 |    910 |      0 |     46 |    717 |   1 |  910.0 |
               +--------+--------+--------+--------+--------+-----+--------+

Top non-repeatable levels by time:
  Lair:4: 2247 daAuts
 Snake:4: 2172 daAuts
     D:4: 2039 daAuts
  Lair:5: 1889 daAuts
  Lair:3: 1839 daAuts
     D:8: 1780 daAuts
  Lair:1: 1501 daAuts
     D:1: 1381 daAuts
    D:13: 1358 daAuts
     D:5: 1340 daAuts
  Lair:6: 1331 daAuts
    D:10: 1328 daAuts
     D:7: 1303 daAuts
 Snake:3: 1283 daAuts
  Lair:2: 1139 daAuts
